[Event "Late-Titled-Tuesday-Blitz-May-28-2024"]
[Site "Chess.com"]
[Date "2024.05.28"]
[Round "7"]
[White "YellowJacek"]
[Black "Bykov_Egor"]
[Result "1/2-1/2"]
[WhiteElo "2369"]
[BlackElo "2617"]
[TimeControl "180+1"]
[EndTime "15:18:12 PDT"]
[Termination "Game drawn by repetition"]

1. e4 c6 2. d4 d5 3. Nc3 dxe4 4. Nxe4 Bf5 5. Ng3 Bg6 6. h4 h6 7. Nf3 Nd7 8. h5 Bh7 9. Bd3 Bxd3 10. Qxd3 Ngf6 11. Bd2 e6 12. O-O-O Be7 13. Kb1 O-O 14. Ne4 Nxe4 15. Qxe4 Nf6 16. Qe2 Qd5 17. Be3 a5 18. Ne5 a4 19. f3 b5 20. g4 Nd7 21. Nd3 Nb6 22. Ne5 Nc4 23. Nxc4 bxc4 24. g5 Bxg5 25. Bxg5 hxg5 26. h6 Rfb8 27. hxg7 c3 28. Rh8+ Kxg7 29.
Rxb8 Rxb8 30. b3 axb3 31. cxb3 Qf5+ 32. Qd3 Qa5 33. Rc1 Ra8 34. Rc2 Rh8 35. Qxc3 Rh1+ 36. Kb2 Qd5 37. Qxc6 Qxd4+ 38. Qc3 Qf6 39. a4 e5 40. a5 Qd6 41. Rd2 Qe6 42. Re2 f6 43.
Rd2 Qf5 44. Qc7+ Kh6 45. Qc2 Qe6 46. Rh2+ Rxh2 47. Qxh2+ Kg7 48. Qc2 Qd5 49. a6 Qd4+ 50. Ka2 Qb6 51. Qc4 Qa5+ 52. Kb2 Qd2+ 53. Ka3 Qa5+ 54.
Kb2 Qd2+ 55. Ka3 Qa5+ 56. Kb2 1/2-1/2

[Event "Late-Titled-Tuesday-Blitz-May-28-2024"]
[Site "Chess.com"]
[Date "2024.05.28"]
[Round "7"]
[White "laskakid"]
[Black "betta2004"]
[Result "0-1"]
[WhiteElo "2347"]
[BlackElo "2556"]
[TimeControl "180+1"]
[EndTime "15:18:14 PDT"]
[Termination "betta2004 won on time"]

1. e4 c6 2. Nf3 d5 3. d3 dxe4 4. dxe4 Qxd1+ 5. Kxd1 Bg4 6. Nd2 Nd7 7. c3 O-O-O 8. Kc2 e5 9. Ne1 f6 10. f3 Be6 11.
Nd3 Nc5 12. a4 Nh6 13. Nxc5 Bxc5 14. Nc4 Nf7 15. b4 Be7 16. Be3 b6 17. b5 c5 18. a5 Bxc4 19. Bxc4 Nd6 20. Be2 Nb7 21. axb6 axb6 22. Bc4 Nd6 23. Be6+ Kb7 24. c4 Nc8 25.
Bd5+ Kc7 26. Rhd1 g6 27. Ra8 f5 28. exf5 gxf5 29. f4 e4 30. Rda1 Bf6 31. R1a6 Bd4 32. Kd2 h5 33. Ke2 h4 34. Bd2 e3 35. Bc1 Rhg8 36.
Ba3 h3 37. g3 Rxd5 38. cxd5 Kb7 39. Bc1 Rd8 40. Ra3 Rxd5 41. R8a4 Nd6 42. Bxe3 Nxb5 43. Bxd4 Nxa3 44. Be5 Nb5 45. Ra1 c4 46. Rd1 Kc6 47. Rg1 Rd8 48. g4 Rg8 49. g5 Kd5 50. g6 Ke4 51. g7 Nd4+ 52. Kf2 Nf3 53. Rc1 Nxe5 54. fxe5 Kd5 55. Rg1 Kxe5 56. Rg3 f4 57. Rxh3 Rxg7 58. Rh5+ Kd4 59. Rf5 c3 60. Rxf4+ Kd3 61. Rf3+ Kd2 62.
Rf8 Rd7 63. h4 c2 64. Rc8 c1=Q 65. Rxc1 Kxc1 0-1

[Event "Late-Titled-Tuesday-Blitz-May-28-2024"]
[Site "Chess.com"]
[Date "2024.05.28"]
[Round "7"]
[White "kalinchick"]
[Black "GoltsevDmitry2000"]
[Result "0-1"]
[WhiteElo "2365"]
[BlackElo "2711"]
[TimeControl "180+1"]
[EndTime "15:18:16 PDT"]
[Termination "GoltsevDmitry2000 won by resignation"]

1. Nf3 d5 2. d4 c6 3. c4 Nf6 4. cxd5 cxd5 5. Nc3 Nc6 6. Bf4 Bf5 7. Ne5 Qb6 8. Nxc6 bxc6 9. Bc1 e5 10. e3 exd4 11.
exd4 Bb4 12. Bd2 Qxd4 13. Be2 O-O 14. O-O Rfe8 15. a3 Bxc3 16. Bxc3 Qxd1 17. Bxd1 Bd3 18.
Re1 d4 19. Bd2 Rxe1+ 20. Bxe1 Re8 21. Bd2 Be2 22. Bb3 Ne4 23. Bf4 d3 24. f3 g5 25.
fxe4 gxf4 26. Kf2 Rb8 27. Bc4 Rxb2 28. e5 Kg7 29. a4 h5 30. a5 h4 31. h3 Rc2 32. Ba6 Rc5 33. Ra3 Rxe5 34. Bxd3 Bxd3 35.
Rxd3 Rxa5 36. Rc3 c5 37. Rc4 Ra6 38. Rxc5 Rg6 39. Rf5 a6 40. Kf3 Rg3+ 41. Kf2 f3 42.
gxf3 Rxh3 43. Ra5 Rh2+ 44. Kg1 Rc2 45. Rxa6 Rc4 46. Kg2 f6 47. Kh3 Rf4 48. Ra5 Kg6 49. Rb5 Kf7 50. Rh5 Kg6 51. Rxh4 Rxf3+ 52. Kg2 Ra3 53. Rh8 Kg5 54. Rb8 f5 55. Kf2 Kg4 56. Rb7 Ra2+ 57. Kf1 Rd2 58. Rb8 Rd3 59. Rb6 Kf3 60. Rb1 Ra3 61. Rc1 Kg3 62. Rb1 f4 63. Rc1 Ra2 64. Rd1 f3 65. Rc1 Rh2 66. Kg1 f2+ 67. Kf1 Rh1+ 68. Ke2 Rxc1 0-1

[Event "Late-Titled-Tuesday-Blitz-May-28-2024"]
[Site "Chess.com"]
[Date "2024.05.28"]
[Round "7"]
[White "Bryanl106"]
[Black "Abduzhaparov"]
[Result "1-0"]
[WhiteElo "2698"]
[BlackElo "2499"]
[TimeControl "180+1"]
[EndTime "15:18:17 PDT"]
[Termination "Bryanl106 won on time"]

1. e4 d6 2. d4 Nf6 3. Nc3 e5 4. Nf3 exd4 5. Nxd4 Be7 6. Be2 O-O 7. O-O Re8 8. Re1 Bf8 9. Bf3 c6 10. Bg5 Nbd7 11. g3 a5 12. Bg2 h6 13. Bf4 Ne5 14. Qe2 Qb6 15. Nb3 Bg4 16. Be3 Bxe2 17. Bxb6 Nf3+ 18.
Bxf3 Bxf3 19. Re3 a4 20. Nd2 Bg4 21. f3 Be6 22. Bd4 a3 23. b3 d5 24. exd5 Nxd5 25. Nxd5 Bxd5 26. Rae1 Red8 27. Bb6 Rd7 28. c4 Be6 29.
Ne4 Bf5 30. R3e2 Bxe4 31. Rxe4 Rd2 32. R4e2 Rb2 33. Re8 Rxe8 34. Rxe8 Rxa2 35. Bc5 Ra1+ 36. Kg2 a2 37. Rxf8+ Kh7 38. Ra8 b5 39. Bf2 Kg6 40. g4 f6 41. Ra6 bxc4 42. bxc4 h5 43. h3 hxg4 44. hxg4 Kf7 45. Bd4 Rd1 46. Bc3 Rd3 47. Ba1 Rd2+ 48. Kg3 Rc2 49. Bd4 Rd2 50. Bc3 Rc2 51.
Ba1 Ke7 52. c5 Kd7 53. Kf4 Kc7 54. Ra7+ Kb8 55. Ra5 Kb7 56. Kf5 Rc1 57. Rxa2 1-0

[Event "Late-Titled-Tuesday-Blitz-May-28-2024"]
[Site "Chess.com"]
[Date "2024.05.28"]
[Round "7"]
[White "ManMish2"]
[Black "Jahonas"]
[Result "0-1"]
[WhiteElo "2668"]
[BlackElo "2468"]
[TimeControl "180+1"]
[EndTime "15:18:17 PDT"]
[Termination "Jahonas won by resignation"]

1. e4 c6 2. d4 d5 3. Nc3 dxe4 4. Nxe4 Nf6 5. Nxf6+ exf6 6. c3 Bf5 7. Ne2 Bd6 8. Ng3 Bg6 9. Bd3 O-O 10. O-O Re8 11. Be3 Qc7 12. Re1 Nd7 13. Bc4 Nf8 14. Qf3 b5 15.
Bb3 a5 16. a4 b4 17. Rac1 bxc3 18. bxc3 Ba3 19. Rcd1 Rab8 20. Bc4 Bc2 21. Rd2 Bb3 22. Bd3 Bd5 23. Qd1 g6 24. h4 Bd6 25. c4 Be6 26. Ne4 Be7 27. Bh6 Bf5 28. Qf3 Bxe4 29. Bxe4 f5 30. Bxf5 Bb4 31. Rxe8 Rxe8 32. Re2 Rxe2 33. Qxe2 gxf5 34. Qf3 Qd7 35. d5 cxd5 36. cxd5 f6 37. h5 Bd6 38. Qc3 Kf7 39. Qxa5 Qc7 40. Qe1 f4 41. f3 Qc5+ 42. Kh2 Qxd5 43. Qh4 Qf5 44. Bxf8 Bxf8 45. a5 Bc5 46. a6 Qg5 47. Qh3 Qg3+ 48.
Qxg3 fxg3+ 49. Kxg3 Ke6 50. Kf4 h6 51. g4 Bd6+ 52. Ke4 Bb8 53. f4 Ba7 54. g5 fxg5 55. fxg5 hxg5 56. Kf3 Kf5 57. h6 Kg6 58. Kg4 Kxh6 59.
Kg3 Kh5 60. Kh3 g4+ 61. Kg3 Kg5 62. Kg2 Kf4 63. Kf1 Kf3 64. Ke1 g3 65. Kd2 g2 0-1

[Event "Late-Titled-Tuesday-Blitz-May-28-2024"]
[Site "Chess.com"]
[Date "2024.05.28"]
[Round "7"]
[White "MusicCityMaster"]
[Black "tgpgoat"]
[Result "1-0"]
[WhiteElo "2394"]
[BlackElo "2495"]
[TimeControl "180+1"]
[EndTime "15:18:17 PDT"]
[Termination "MusicCityMaster won by resignation"]

1. d4 Nf6 2. c4 c5 3. d5 b5 4. cxb5 a6 5. Nc3 axb5 6. e4 b4 7. Nb5 d6 8. Bf4 g5 9. Bxg5 Nxe4 10. Bf4 Nf6 11. Bc4 Bg7 12. Ne2 O-O 13. Ng3 Na6 14.
O-O Nc7 15. Nxc7 Qxc7 16. Re1 Bg4 17. Qd2 Kh8 18. h3 Bc8 19. Bh6 Rg8 20. Re2 Ra7 21.
Rae1 Qd8 22. Qf4 Bxh6 23. Qxh6 Rg6 24. Qh4 Kg7 25. Bd3 Nxd5 26. Nh5+ Kg8 27. Bxg6 hxg6 28. Qg5 Nc7 29. Nf4 Ne8 30. Rxe7 Rxe7 31. Qxe7 Qxe7 32. Rxe7 Nf6 33. Rc7 Bf5 34. a4 bxa3 35. bxa3 d5 36. Rxc5 d4 37. Kf1 Ne4 38. Rc7 Nc3 39. Ke1 Bc2 40.
Rc4 Nb5 41. a4 Bd3 42. Rc8+ Kg7 43. axb5 Bxb5 44. Kd2 Bd7 45. Rd8 Bf5 46. Rxd4 Kf6 47. g4 Bc8 48. Rb4 Ke5 49. Ke3 Bd7 50. Re4+ Kf6 51.
Rd4 Bc6 52. Nd5+ Ke6 53. Nc7+ Kf6 54. f4 Bg2 55. g5+ Kg7 56. h4 Bh3 57. Ke4 Bf5+ 58.
Ke5 Kf8 59. Nb5 Ke7 60. Nc3 Be6 61. Nd5+ Kf8 62. Nf6 Kg7 63. Rd8 1-0

[Event "Late-Titled-Tuesday-Blitz-May-28-2024"]
[Site "Chess.com"]
[Date "2024.05.28"]
[Round "7"]
[White "Tibmat"]
[Black "Charodej1"]
[Result "0-1"]
[WhiteElo "2676"]
[BlackElo "2491"]
[TimeControl "180+1"]
[EndTime "15:18:22 PDT"]
[Termination "Charodej1 won on time"]

1. c4 e5 2. g3 Nf6 3. Bg2 d5 4. cxd5 Nxd5 5. Nf3 Nc6 6. O-O Be7 7. d4 e4 8. Ne5 f5 9. Nxc6 bxc6 10. Nc3 Be6 11. Qa4 Qd7 12. Nxd5 cxd5 13. Qxd7+ Kxd7 14. Bf4 c5 15. dxc5 Bxc5 16. Rac1 Rhc8 17. Be5 g5 18. Rfd1 Ke7 19. e3 Bd6 20. Bd4 f4 21. Bf1 a6 22.
a3 a5 23. Bb5 Rab8 24. a4 h5 25. Bc3 h4 26. gxf4 gxf4 27. Bxa5 Rg8+ 28. Kf1 f3 29. Bc7 Rbc8 30. Bxd6+ Kxd6 31. Ke1 Rg1+ 32. Kd2 Rxc1 33.
Rxc1 Rg2 34. Rf1 Rxh2 35. b4 Rg2 36. a5 h3 37. a6 Bc8 38. Kc3 h2 39. Rh1 Rxf2 40.
a7 Bb7 41. Ba6 Ba8 42. b5 Kc5 43. Kb3 Re2 44. Rc1+ Kb6 45. Kb4 Rb2+ 46. Kc3 Re2 47. Rh1 Rxe3+ 48. Kd4 Re2 49. Rc1 Rd2+ 50. Ke5 f2 51. Rc6+ Bxc6 52. bxc6 Kxa7 53. c7 Rc2 0-1

[Event "Late-Titled-Tuesday-Blitz-May-28-2024"]
[Site "Chess.com"]
[Date "2024.05.28"]
[Round "7"]
[White "robertoalejandro10"]
[Black "GMthekingindian"]
[Result "0-1"]
[WhiteElo "2476"]
[BlackElo "2352"]
[TimeControl "180+1"]
[EndTime "15:18:22 PDT"]
[Termination "GMthekingindian won by resignation"]

1. Nf3 d5 2. c4 e6 3. b3 Nf6 4. Bb2 Be7 5. g3 Nbd7 6. Bg2 b6 7.
O-O Bb7 8. e3 O-O 9. Qe2 c5 10.
Rd1 Rc8 11. Nc3 Qc7 12. Rac1 Rfd8 13. d3 a6 14. cxd5 Nxd5 15. Nxd5 Bxd5 16. e4 Bb7 17. h4 Qb8 18. Bh3 Bf6 19. Ng5 Bxb2 20. Qxb2 Ne5 21. Qe2 h6 22. Nf3 Nc6 23. Bf1 Rd6 24.
Qb2 Rcd8 25. a3 a5 26. Nd2 Nd4 27. Nc4 Rc6 28. a4 Ba6 29. Bg2 Bxc4 30. bxc4 e5 31.
Kh2 Qd6 32. Rd2 g6 33. Qc3 Qf6 34. Re1 Rcd6 35. Re3 Qe6 36. Qb2 Qe8 37. f4 exf4 38. gxf4 Qxa4 39. e5 R6d7 40. Bd5 Re8 41. Rg3 Qb4 42.
Qxb4 cxb4 43. Rxg6+ Kh7 44. Rg3 a4 45. Be4+ Kh8 46.
Kh3 Rg8 47. Rxg8+ Kxg8 48. f5 b3 49. Bd5 a3 50. e6 fxe6 51. fxe6 Re7 52. Kg4 b2 53.
Rd1 a2 54. c5 b1=Q 55. Rxb1 axb1=Q 56. cxb6 Qxb6 0-1

[Event "Late-Titled-Tuesday-Blitz-May-28-2024"]
[Site "Chess.com"]
[Date "2024.05.28"]
[Round "7"]
[White "BardArtem"]
[Black "NeverGiveUppp"]
[Result "0-1"]
[WhiteElo "2781"]
[BlackElo "2610"]
[TimeControl "180+1"]
[EndTime "15:18:23 PDT"]
[Termination "NeverGiveUppp won on time"]

1. Nf3 Nf6 2. b3 g6 3. Bb2 Bg7 4. e3 d6 5. c4 O-O 6. Nc3 e5 7. d4 e4 8. Nd2 Bf5 9. Be2 h5 10. Qc2 Re8 11. h3 Nc6 12. a3 Nxd4 13. exd4 e3 14. Qc1 exd2+ 15. Qxd2 c5 16. d5 Qb6 17. O-O Qxb3 18. Bd3 Bxd3 19. Qxd3 Ne4 20. Rac1 Nxc3 21. Bxc3 Qxa3 22. Qd2 Bxc3 23. Rxc3 Qa5 24. Rfc1 Re5 25. Qb2 Qc7 26. Kh2 Qe7 27. R1c2 Re4 28. Rb3 b6 29. Rc1 Re2 30. Rc2 Re8 31. Ra3 Rxc2 32. Qxc2 Qe5+ 33. Kg1 Re7 34. Re3 Qa1+ 35. Kh2 Rxe3 36. fxe3 Qe5+ 37. Kh1 Qxe3 38. Qa4 Qe1+ 39. Kh2 Qe5+ 40. Kh1 Qe7 41. Qc6 h4 42. Kg1 Kg7 43. Kh1 Qe5 44. Qa4 a5 45. Kg1 Qd4+ 46. Kh2 Qf4+ 47.
Kg1 Qe3+ 48. Kf1 Qc1+ 49. Kf2 Qb2+ 50. Kg1 Qb4 51. Qa1+ Kg8 52. Qf6 Qe1+ 53. Kh2 Qe5+ 0-1

[Event "Late-Titled-Tuesday-Blitz-May-28-2024"]
[Site "Chess.com"]
[Date "2024.05.28"]
[Round "7"]
[White "colegiodemadrid"]
[Black "ozates"]
[Result "1/2-1/2"]
[WhiteElo "2515"]
[BlackElo "2619"]
[TimeControl "180+1"]
[EndTime "15:18:23 PDT"]
[Termination "Game drawn by repetition"]

1. d4 Nf6 2. c4 g6 3. Nc3 Bg7 4. e4 d6 5. f3 O-O 6. Be3 c5 7. dxc5 dxc5 8. Qxd8 Rxd8 9. Bxc5 Nc6 10. Nd5 Nxd5 11. cxd5 Bxb2 12. Rb1 Bc3+ 13. Kf2 b6 14.
Be3 Na5 15. h4 e6 16. Ne2 Be5 17. f4 Bg7 18. Nd4 exd5 19. e5 Bd7 20. h5 Rac8 21.
hxg6 hxg6 22. Bd3 Rc3 23. Rbd1 Ba4 24. Rd2 Nc4 25. Bxc4 dxc4 26. g4 Bf8 27. f5 Bc5 28.
e6 fxe6 29. fxe6 Re8 30. Rh3 b5 31. Rf3 b4 32. Rf6 Rf8 33. g5 Be7 34. Rxf8+ Kxf8 35. Ne2 Rxe3 36. Kxe3 Bxg5+ 37. Nf4 c3 38. Rf2 c2 39. Rf1 Ke7 40. Ke4 Bxf4 41. Kxf4 Kxe6 42. Ke4 Bc6+ 43. Kd4 Ba4 44. Kc5 a5 45. Kb6 b3 46. axb3 Bxb3 47.
Kxa5 Bd5 48. Kb4 Be4 49. Kc3 Ke5 50. Kd2 g5 51. Ke3 g4 52. Re1 g3 53. Ra1 g2 54.
Re1 Kf5 55. Kf2 Kf4 56. Rc1 Kg4 57. Re1 Kf4 58. Ra1 Ke5 59. Ke3 Bd5 60. Rc1 Be4 61. Re1 Kf5 62. Kf2 Kf4 1/2-1/2

[Event "Late-Titled-Tuesday-Blitz-May-28-2024"]
[Site "Chess.com"]
[Date "2024.05.28"]
[Round "7"]
[White "lamomiablanca"]
[Black "Supelyel"]
[Result "1-0"]
[WhiteElo "2632"]
[BlackElo "2466"]
[TimeControl "180+1"]
[EndTime "15:18:24 PDT"]
[Termination "lamomiablanca won by resignation"]

1. e4 d6 2. d3 Nf6 3. g3 e5 4. Bg2 Be7 5. Nd2 O-O 6. Ne2 Bg4 7. h3 Bxe2 8. Qxe2 Nbd7 9. O-O c6 10. Kh2 d5 11. Nf3 Qc7 12. Re1 Rae8 13. Bd2 Bd6 14.
Bc3 h6 15. Nh4 g6 16. Bd2 Kh7 17. Rf1 Nh5 18. Qe3 Nf4 19. Kh1 d4 20. Qf3 Nh5 21. Nf5 gxf5 22. Qxf5+ Kg7 23. Qxh5 Re6 24. h4 Rg6 25. Bh3 Nf6 26. Qf3 Qe7 27. Bf5 h5 28.
Bxg6 fxg6 29. Bg5 Qe6 30. Bxf6+ Rxf6 31. Qg2 Qf7 32. f3 b5 33. Kh2 b4 34. b3 a5 35. Rf2 Qe6 36. Qh3 Qf7 37. Raf1 Kh6 38. Qg2 Qe6 39. Qh3 Qf7 40. Qg2 Qe6 41. f4 Qg4 42. fxe5 Rxf2 43. Rxf2 Bxe5 44. Qh3 Qd1 45. Qe6 Qe1 46. Kg2 Bxg3 47. Kxg3 Qg1+ 48. Kf3 Qh1+ 49.
Ke2 Qc1 50. Qf6 Qxc2+ 51. Kf1 Qxd3+ 52. Kg2 Qxe4+ 53. Qf3 Qxh4 54. Qf4+ Qxf4 55. Rxf4 c5 56. Rf6 a4 57. Rc6 axb3 58. axb3 Kg5 59. Rxc5+ Kf4 60.
Kf2 Ke4 61. Rg5 d3 62. Rxg6 Kd4 63. Ke1 Kc3 64. Rg3 h4 65. Rh3 Kc2 66. Rh2+ Kxb3 67. Kd2 Ka2 68. Kxd3+ Ka3 69. Kc2 b3+ 70. Kb1 1-0

[Event "Late-Titled-Tuesday-Blitz-May-28-2024"]
[Site "Chess.com"]
[Date "2024.05.28"]
[Round "7"]
[White "Mariia89"]
[Black "Quattroporte300"]
[Result "0-1"]
[WhiteElo "2219"]
[BlackElo "2405"]
[TimeControl "180+1"]
[EndTime "15:18:24 PDT"]
[Termination "Quattroporte300 won by checkmate"]

1. d4 Nf6 2. Nf3 g6 3. c4 Bg7 4. Nc3 O-O 5. e4 d6 6. Be2 Nbd7 7. O-O e5 8. d5 Nc5 9. Qc2 a5 10. b3 Bd7 11. a3 a4 12. b4 Nb3 13. Rb1 Nxc1 14.
Rbxc1 Nh5 15. Rfe1 f5 16. c5 Nf4 17. Bf1 fxe4 18. Nxe4 Bf5 19. Qc4 h6 20. cxd6 cxd6 21.
Qc7 Nxd5 22. Qxb7 Nf4 23. Rc7 Ne6 24. Rd7 Rb8 25. Rxd8 Rxb7 26. Rxf8+ Bxf8 27. Nf6+ Kf7 28. Nd5 Nc7 29. Bc4 Be6 30. Ne3 Bxc4 31. Nxc4 Ke6 32. Na5 Rb6 33. Nd2 Nb5 34. Ndc4 Rb8 35. f4 Bg7 36. fxe5 dxe5 37. g3 Rd8 38. Kg2 Rd3 39.
Re3 Rxe3 40. Nxe3 Nxa3 41. Nec4 Nb5 42. Nc6 Kd5 43. Ne7+ Kxc4 44. Nxg6 a3 45. Nxe5+ Bxe5 46. Kf3 a2 47. Ke4 a1=Q 48. g4 Nd6+ 49. Kf3 Qc3+ 50.
Kg2 Qd2+ 51. Kh3 Qxh2# 0-1

[Event "Late-Titled-Tuesday-Blitz-May-28-2024"]
[Site "Chess.com"]
[Date "2024.05.28"]
[Round "7"]
[White "AlexeiShirov"]
[Black "RuperezA"]
[Result "1/2-1/2"]
[WhiteElo "2910"]
[BlackElo "2732"]
[TimeControl "180+1"]
[EndTime "15:18:25 PDT"]
[Termination "Game drawn by repetition"]

1. e4 e6 2. d4 d5 3. e5 c5 4. c3 Qb6 5. Nf3 Nc6 6. a3 Nh6 7.
b4 cxd4 8. Bxh6 gxh6 9. cxd4 Bd7 10. Ra2 Rg8 11. g3 Rg4 12. Rd2 a5 13. b5 Re4+ 14.
Be2 Qxb5 15. O-O Qb6 16. Bd3 Rg4 17. Bxh7 Rc8 18. h3 Rg7 19. Bc2 Na7 20. Ba4 Bxa4 21. Qxa4+ Qb5 22. Qd1 Qc4 23. Ne1 Kd7 24. Ng2 b5 25. Ne3 Qa4 26. Qxa4 bxa4 27. Rb2 Rc7 28. Rb8 Be7 29. Ng4 h5 30. Nf6+ Bxf6 31. exf6 Rg6 32.
Nd2 Nc6 33. Ra8 Rxf6 34. Rc1 Nxd4 35. Rxc7+ Kxc7 36. Kg2 Nb3 37. Nf3 Kb6 38. Ne5 Rf5 39. f4 h4 40. Rf8 hxg3 41. Rxf7 Rxf7 42. Nxf7 d4 43. Ne5 Nc1 44. h4 d3 45. Nc4+ Kc5 46.
Nd2 Ne2 47. Kf3 Kd4 48. Nf1 g2 49. Kxg2 Nxf4+ 50. Kf3 Nh5 51. Kg4 Ng7 52. h5 Nxh5 53. Kxh5 e5 54. Kg4 e4 55. Kf4 e3 56. Nxe3 d2 57. Kf3 Kd3 58. Kf2 Kc3 59. Ke2 Kb2 60. Kxd2 Kxa3 61. Kc3 Ka2 62. Kc2 Ka3 63. Kc3 Ka2 64.
Kc2 Ka3 65. Kc3 1/2-1/2

[Event "Late-Titled-Tuesday-Blitz-May-28-2024"]
[Site "Chess.com"]
[Date "2024.05.28"]
[Round "7"]
[White "baki83"]
[Black "RobertJFischer71"]
[Result "0-1"]
[WhiteElo "2905"]
[BlackElo "2677"]
[TimeControl "180+1"]
[EndTime "15:18:28 PDT"]
[Termination "RobertJFischer71 won by resignation"]

1. e4 e5 2. Nf3 Nc6 3. Bb5 a6 4.
Ba4 Nf6 5. O-O b5 6. Bb3 Bc5 7. c3 d6 8. d4 Bb6 9. a4 Rb8 10. axb5 axb5 11. Bg5 h6 12. Bxf6 Qxf6 13. Bd5 Ne7 14.
Nbd2 O-O 15. Re1 Bg4 16. h3 Bh5 17. dxe5 dxe5 18. g4 Bg6 19. Bb3 Bh7 20. Nf1 Ng6 21. Ne3 c6 22. Ng2 Rfd8 23. Qe2 Rd6 24. Red1 Rxd1+ 25.
Rxd1 Nf4 26. Nxf4 Qxf4 27. Rd7 Qg3+ 28. Kf1 Qxh3+ 29. Ke1 Qh1+ 30. Kd2 Rd8 31. Rxd8+ Bxd8 32. Qd3 Bf6 33. Nxe5 Bxe4 34. Bxf7+ Kh7 35. Qd7 Bg5+ 36. Ke2 Qb1 37. Qd1 Qxb2+ 38. Kf1 Qxc3 39. f3 Qxe5 40. fxe4 Qf4+ 41. Kg2 Qxf7 42. Qd3 Qg6 43. Kf3 Qf6+ 44. Kg2 Kg8 45. Qd7 Qf4 46. Qe6+ Kh7 47. e5 c5 48. Qd5 c4 49. e6 c3 50. Qd3+ Kg8 51. e7 Bxe7 52. Qd5+ Qf7 53. Qa8+ Qf8 54. Qxf8+ Bxf8 55. g5 Be7 56. g6 Bg5 57. Kf3 Kf8 58. Ke4 Ke7 59.
Kd5 Bf6 0-1

[Event "Late-Titled-Tuesday-Blitz-May-28-2024"]
[Site "Chess.com"]
[Date "2024.05.28"]
[Round "7"]
[White "sofaceindisguise"]
[Black "attack2mateU"]
[Result "0-1"]
[WhiteElo "2637"]
[BlackElo "2698"]
[TimeControl "180+1"]
[EndTime "15:18:31 PDT"]
[Termination "attack2mateU won by resignation"]

1. e4 c5 2. Nf3 d6 3. d4 cxd4 4. Nxd4 Nf6 5. Nc3 a6 6. h3 e5 7. Nde2 h5 8. g3 Be7 9. Bg2 b5 10. O-O Nbd7 11. Be3 Bb7 12. a4 b4 13. Nd5 Nxd5 14.
exd5 h4 15. g4 Bg5 16. f4 exf4 17. Nxf4 O-O 18. Bd4 Re8 19. Nh5 Be3+ 20. Bxe3 Rxe3 21. Qd4 Re5 22. a5 Qc7 23. Qxb4 Bxd5 24. Bxd5 Rxd5 25. Rf2 Ne5 26. Raf1 Rb8 27. Qe4 Rxa5 28. b3 Rc5 29. Rxf7 Nxf7 30. Qg6 Ne5 31. Nf6+ Kf8 32. Nd7+ Kg8 33.
Qe6+ Kh7 34. Rf5 Nf3+ 35. Rxf3 Rxc2 36. Qf5+ Kg8 37. Qf7+ Kh8 38. Qh5+ Kg8 39. Qd5+ Kh8 40. Nxb8 Rc1+ 41. Kg2 Rc2+ 42. Kg1 Rc1+ 43. Kg2 Rc2+ 44. Rf2 Rxf2+ 45. Kxf2 Qxb8 46. Qh5+ Kg8 47. Qd5+ Kf8 48. g5 Qb4 49. Kf3 Qc3+ 50. Kg4 Qg3+ 51. Kh5 Qxh3 52.
Kg6 Ke7 53. Qb7+ Kd8 54. Kxg7 Qd7+ 55. Qxd7+ Kxd7 56. Kf7 h3 57. g6 h2 58. g7 h1=Q 59. g8=Q Qd5+ 0-1

[Event "Late-Titled-Tuesday-Blitz-May-28-2024"]
[Site "Chess.com"]
[Date "2024.05.28"]
[Round "7"]
[White "GianmarcoVaR"]
[Black "GiorgianBarbosa"]
[Result "1-0"]
[WhiteElo "2709"]
[BlackElo "2511"]
[TimeControl "180+1"]
[EndTime "15:18:31 PDT"]
[Termination "GianmarcoVaR won by checkmate"]

1. Nf3 Nf6 2. g3 e6 3. Bg2 d5 4.
O-O Be7 5. d3 O-O 6. Nc3 c5 7. e4 Nc6 8. Bf4 b6 9. Ne5 Nxe5 10.
Bxe5 Bb7 11. Qe2 Qd7 12. f4 Rfe8 13. Kh1 b5 14. Rae1 b4 15. Nd1 dxe4 16. dxe4 Qa4 17. b3 Qxa2 18. Nb2 Qa6 19. Nc4 Qb5 20. g4 a5 21. g5 Nd7 22. Bb2 a4 23. Rf3 axb3 24.
cxb3 Ra2 25. Rh3 g6 26. Qf2 h5 27. gxh6 Kh7 28. f5 exf5 29. exf5 Bxg2+ 30. Qxg2 Nf6 31. Rhe3 Ra7 32. fxg6+ fxg6 33. Re6 Qb7 34. Bxf6 Qxg2+ 35. Kxg2 Kxh6 36. Bxe7 Ra2+ 37. Kh1 Rb2 38. Bxc5 Rxb3 39. Rxe8 Kh5 40. Rh8+ Kg4 41. Rg1+ Kf5 42. Nd6+ Ke6 43. Re8+ Kd5 44. Rg5+ Kc6 45. Nf7 Rb1+ 46. Kg2 Rb2+ 47. Kg3 Kd7 48. Kg4 Kc6 49. Rc8+ Kd7 50. Rb8 Kc7 51. Rb6 Rc2 52. Rxb4 Rc4+ 53. Rxc4 Kd7 54. Bb4 Ke6 55. Rc6+ Kxf7 56. Rf5+ gxf5+ 57. Kxf5 Kg7 58. Rc7+ Kh6 59. Bd2+ Kh5 60. Rh7# 1-0

[Event "Late-Titled-Tuesday-Blitz-May-28-2024"]
[Site "Chess.com"]
[Date "2024.05.28"]
[Round "7"]
[White "Shuvalov"]
[Black "kinga2008"]
[Result "1-0"]
[WhiteElo "2562"]
[BlackElo "2423"]
[TimeControl "180+1"]
[EndTime "15:18:31 PDT"]
[Termination "Shuvalov won on time"]

1. d4 Nf6 2. c4 e6 3. Nf3 b6 4. g3 Bb7 5. Bg2 Be7 6. O-O O-O 7. Nc3 d5 8. Ne5 Nbd7 9. Bf4 c5 10. cxd5 Nxd5 11. Nxd5 exd5 12. dxc5 Nxe5 13. Bxe5 Bxc5 14. Qd2 Qe7 15. Bc3 d4 16. Bxd4 Bxg2 17. Bxc5 Qb7 18. Bxf8 Bxf1 19. Rxf1 Rxf8 20. Rc1 Re8 21. f3 h6 22. Kf2 Qe7 23. Rc4 Rd8 24. Qe3 Qf6 25. Rc2 Qf5 26. Rd2 Rc8 27. Kg2 Qb1 28. a3 Qe1 29. Qd3 Rc1 30. Kh3 Qf1+ 31. Kg4 Qg1 32. h4 Qc5 33. b4 h5+ 34. Kf4 Qc7+ 35. Qd6 Qc4+ 36. e4 Qc3 37. Rd3 Qb2 38. Qd8+ Kh7 39. Qg5 g6 40. Qe5 Qxe5+ 41. Kxe5 Rc7 42. Kd6 Rc2 43. e5 Kg7 44. f4 Kf8 45. e6 fxe6 46. Kxe6 Rc6+ 47. Ke5 Kg7 48. Rd7+ Kh6 49. Rxa7 Rc3 50.
a4 Rxg3 51. a5 bxa5 52. bxa5 Ra3 53. a6 Ra5+ 54. Ke6 Ra4 55. Ra8 Kg7 56. a7 Ra6+ 57.
Kd5 Ra1 58. Kc5 Rc1+ 59. Kd4 Ra1 60. Kc4 Rc1+ 61. Kb5 Rb1+ 62. Kc6 1-0

[Event "Late-Titled-Tuesday-Blitz-May-28-2024"]
[Site "Chess.com"]
[Date "2024.05.28"]
[Round "7"]
[White "Naruna_Chan"]
[Black "neilbhav"]
[Result "1-0"]
[WhiteElo "2273"]
[BlackElo "2397"]
[TimeControl "180+1"]
[EndTime "15:18:32 PDT"]
[Termination "Naruna_Chan won by resignation"]

1. e4 e5 2. Nf3 Nc6 3. Bc4 Bc5 4.
c3 Nf6 5. d4 exd4 6. cxd4 Bb4+ 7.
Nc3 d5 8. exd5 Nxd5 9. O-O Bxc3 10. bxc3 O-O 11. Bd2 Bg4 12. Be2 Re8 13. Re1 Qd6 14. Qc1 Rad8 15. c4 Bxf3 16. Bxf3 Ndb4 17. d5 Nd4 18. Be4 c5 19. Bxb4 cxb4 20. Qd2 Qf6 21.
Rad1 Nc6 22. Bxh7+ Kxh7 23. Rxe8 Rxe8 24. dxc6 Qxc6 25.
Qxb4 Re4 26. Rc1 Rg4 27. g3 g6 28. Qe7 Kg7 29. c5 Re4 30. Qd6 Qxd6 31. cxd6 Rd4 32. Rc7 Rxd6 33. Rxb7 Ra6 34. Rb2 Ra3 35. Kg2 f5 36. h4 Kf6 37. Re2 g5 38. hxg5+ Kxg5 39. Kh3 f4 40. Rc2 fxg3 41. fxg3 Kf5 42. Kh4 Ra4+ 43.
Kh5 Kf6 44. Rf2+ Kg7 45. g4 Ra5+ 46. g5 Ra3 47. Rc2 Rh3+ 48. Kg4 Ra3 49. Kf5 Ra5+ 50. Kg4 Kg6 51. Rc6+ Kg7 52. Kh5 Rxa2 53. Rc7+ Kf8 54.
Kg6 a5 55. Rc8+ Ke7 56. Kg7 Rg2 57. g6 a4 58. Ra8 Rg4 59. Ra7+ Ke6 60. Ra8 Kf5 61.
Ra5+ Ke6 62. Ra6+ Kf5 63. Kf7 a3 64. g7 a2 1-0

[Event "Late-Titled-Tuesday-Blitz-May-28-2024"]
[Site "Chess.com"]
[Date "2024.05.28"]
[Round "7"]
[White "dennisodessa"]
[Black "JonasGallasch"]
[Result "0-1"]
[WhiteElo "2547"]
[BlackElo "2464"]
[TimeControl "180+1"]
[EndTime "15:18:34 PDT"]
[Termination "JonasGallasch won on time"]

1. d4 Nf6 2. c4 e6 3. Nc3 d5 4.
cxd5 exd5 5. Bg5 c6 6. Qc2 Be7 7. e3 Nbd7 8. Bd3 h6 9. Bf4 Nh5 10. Nge2 Nxf4 11. Nxf4 Nf6 12. O-O O-O 13. Rab1 a5 14.
a3 Bd6 15. b4 axb4 16. axb4 b5 17. Nce2 Bd7 18. Ng3 Re8 19. Bf5 Ra4 20. Rfc1 Rxb4 21. Rxb4 Bxb4 22. Bxd7 Qxd7 23. Qxc6 Qxc6 24. Rxc6 Rb8 25.
Nd3 Bf8 26. Rc3 b4 27. Rb3 Ra8 28. h3 Nd7 29. Ne2 Ra4 30. Nef4 Nb6 31. Nc5 Bxc5 32. dxc5 Nd7 33. c6 Nf6 34. Nd3 Ne8 35. Rxb4 Rxb4 36.
Nxb4 Nc7 37. Kf1 Kf8 38. Ke2 Ke7 39. Kd3 Kd6 40. e4 dxe4+ 41. Kxe4 Kc5 42. Nd3+ Kxc6 43. Ne5+ Kd6 44. Nxf7+ Ke6 45. Ne5 Nd5 46. Ng6 Nf6+ 47. Kf3 Kf5 48. Nf4 g5 49. g4+ Ke5 50. Ne2 Nd5 51.
Kg3 Ke4 52. Ng1 Nf4 53. h4 Ne6 54. h5 Nf4 55. Kh2 Nd3 0-1